AoeStats
← morignor13

Lombardia

509440582Analyzed
4v4 RM · 5d ago on Sep 26, 2026· 49m 32s· 8 players
Game mode
Random Map
Map size
Large (8 player)
Population
200
Speed
Normal
Resources
Standard
Victory
Conquest
Starting age
Dark Age
Ending age
Imperial Age
RankedLock teamsTeams togetherTeam positionsShared explorationLock speedFull tech treeHidden civsTurbo modeCheats
Victory
Defeat
🇩🇪 Romans · Germany
1036
+14
🇹🇷 Vietnamese · Türkiye
1010
+15
🇬🇧 Inca · United Kingdom
990
+16
🇬🇷 Franks · Greece
983
+16
🇺🇸 Danes · United States
1027
-17
🇲🇽 Vikings · Mexico
999
-42
🇺🇸 Saxons · United States
973
-15
🇺🇸 Varangians · United States
945
-13
BySkandal
3:27 Loom
10:41 Feudal Age
12:49 Horse Collar
16:18 Wheelbarrow
15:32 Double-Bit Axe
20:14 Castle Age
19:06 Scale Mail Armor
18:58 Fletching
19:11 Gold Mining
20:05 Stone Mining
21:49 Hand Cart
21:50 Bow Saw
21:45 Heavy Plow
24:55 Town Watch
24:32 Pikeman
24:37 Elite Skirmisher
35:58 Imperial Age
33:28 Bodkin Arrow
33:44 Forging
33:35 Padded Archer Armor
33:51 Chain Mail Armor
36:20 Iron Casting
36:00 Leather Archer Armor
36:56 Stone Shaft Mining
36:38 Squires
36:23 Arson
36:49 Thumb Ring
37:09 Bracer
38:13 Plate Mail Armor
39:02 Crop Rotation
39:34 Two-Man Saw
38:39 Town Patrol
39:55 Hoardings
38:56 Imperial Skirmisher
42:54 Chemistry
42:33 Ballistics
43:56 Ring Archer Armor
42:59 Halberdier
43:13 Sappers
47:42 Paper Money
49:01 Caravan
LiMe86
11:49 Loom
15:14 Feudal Age
15:54 Horse Collar
16:00 Double-Bit Axe
17:06 Stone Mining
22:29 Castle Age
20:30 Gold Mining
21:03 Scale Mail Armor
21:33 Forging
21:15 Arson
23:15 Wheelbarrow
23:29 Heavy Plow
23:40 Bow Saw
24:09 Stone Shaft Mining
24:18 Gold Shaft Mining
25:03 Squires
25:46 Iron Casting
25:27 Chain Mail Armor
27:47 Hand Cart
30:17 Imperial Age
31:57 Blast Furnace
31:28 Plate Mail Armor
31:22 Conscription
31:38 Town Watch
32:09 Fabric Shields
33:36 Crop Rotation
33:11 Elite Kamayuk
Hrakiir
10:19 Feudal Age
8:57 Loom
11:18 Double-Bit Axe
11:17 Horse Collar
16:43 Castle Age
21:29 Bow Saw
25:02 Wheelbarrow
27:21 Imperial Age
25:18 Gold Mining
25:21 Stone Mining
29:13 Hand Cart
33:02 Ballistics
33:39 Siege Engineers
34:38 Gold Shaft Mining
35:33 Ballistas
35:49 Conscription
35:30 Heavy Scorpion
39:00 Chemistry
morignor13
11:14 Feudal Age
19:57 Castle Age
19:52 Double-Bit Axe
21:21 Forging
22:36 Scale Barding Armor
25:53 Iron Casting
25:09 Fletching
25:15 Stone Mining
26:17 Wheelbarrow
26:19 Husbandry
29:53 Chain Barding Armor
31:25 Gold Mining
35:56 Imperial Age
33:15 Town Watch
35:22 Ballistics
34:58 Murder Holes
38:16 Conscription
37:23 Cavalier
37:27 Elite Skirmisher
38:39 Caravan
41:46 Bow Saw
42:04 Padded Archer Armor
42:00 Bodkin Arrow
43:06 Blast Furnace
42:42 Plate Barding Armor
46:51 Light Cavalry
Goob
2:27 Loom
11:07 Feudal Age
14:34 Double-Bit Axe
15:36 Gold Mining
18:25 Wheelbarrow
21:31 Castle Age
24:19 Stone Mining
24:50 Town Watch
25:44 Horse Collar
26:26 Bow Saw
31:02 Bloodlines
30:53 Husbandry
31:24 Forging
31:20 Scale Barding Armor
36:21 Imperial Age
34:26 Vendel Legacy
35:46 Iron Casting
35:32 Chain Barding Armor
37:53 Hand Cart
37:10 Cavalier
40:07 Elite Jarl
45:17 Plate Barding Armor
45:44 Blast Furnace
Richard Nixon
6:10 Loom
11:42 Feudal Age
12:41 Double-Bit Axe
16:27 Wheelbarrow
18:40 Castle Age
18:40 Horse Collar
20:51 Bow Saw
22:24 Hand Cart
23:04 Heavy Plow
25:17 Squires
26:12 Stone Mining
26:38 Town Watch
27:50 Forging
27:42 Scale Mail Armor
27:50 Gambesons
27:50 Arson
28:01 Gold Mining
32:40 Imperial Age
34:27 Conscription
34:56 Pikeman
36:45 Iron Casting
36:40 Halberdier
37:51 Chain Mail Armor
38:34 Man-at-Arms
40:24 Plate Mail Armor
41:16 Long Swordsman
41:38 Shield Wall
42:45 Two-Handed Swordsman
43:20 Champion
oKC CHIEFS FANo
4:40 Loom
14:10 Feudal Age
14:51 Double-Bit Axe
16:39 Horse Collar
21:08 Castle Age
21:41 Wheelbarrow
20:51 Town Watch
22:04 Bow Saw
21:56 Heavy Plow
25:53 Scale Mail Armor
29:35 Forging
29:41 Chain Mail Armor
29:59 Squires
32:37 Arson
34:01 Iron Casting
39:00 Imperial Age
37:21 Fletching
37:59 Masonry
37:38 Hamask
38:46 Stone Mining
38:48 Gold Mining
40:19 Conscription
41:17 Hand Cart
43:16 Bodkin Arrow
gusfxx77
10:16 Loom
14:07 Feudal Age
14:28 Horse Collar
14:56 Double-Bit Axe
22:33 Castle Age
20:32 Gold Mining
28:57 Bow Saw
31:03 Caravan
31:35 Coinage
31:38 Squires
31:24 Arson
31:49 Scale Mail Armor
31:59 Forging
33:21 Chain Mail Armor
38:10 Imperial Age
38:41 Chieftains
39:22 Elite Varangian Guard
42:11 Plate Mail Armor
42:16 Iron Casting
43:46 Conscription
Connection lost

Rejoining the realm…

Still unreachable

The connection could not be restored.

Session expired

The server has moved on; the page needs a fresh start.